Stars vs Avalanche (R1)

Created - May 14, 2019 at 19:07

Goals
1 2 3 T
Stars 0 0 2 2
Avalanche 0 0 1 1
Shots
1 2 3 T
Stars 8 9 14 31
Avalanche 14 9 9 32

1st period

No Goal

Penalties :
Mikkel Boedker (Col) for Interference (Minor) at 10:48

2nd period

No Goal

Penalties :
Ian White (Dal) for Tripping (Minor) at 3:00, Erik Karlsson (Col) for Tripping (Minor) at 7:12, Andrei Kostitsyn (Col) for Interference (Minor) at 9:52, Brian Lee (Dal) for Roughing (Minor) at 16:49

3rd period

1. Avalanche , Pernell Karl Subban 1 (Bryan Little 1, Patric Hornqvist 2) at 2:29 (PP)
2. Stars , Jussi Jokinen 1 (Guillaume Latendresse 1) at 6:55
3. Stars , Guillaume Latendresse 2 (Antoine Vermette 2) at 12:18

Penalties :
Drew Fata (Dal) for Hooking (Minor) at 2:13, Dan Boyle (Col) for Holding (Minor) at 6:03, Ian White (Dal) for Interference (Minor) at 6:31, Maxim Talbot (Col) for Tripping (Minor) at 9:04, Mikkel Boedker (Col) for Hooking (Minor) at 13:55, Andrew Ladd (Col) for Interference (Minor) at 17:01

Goalie Stats

Brian Elliott (Dal), 31 saves from 32 shots - (0.969), W, 1-1-0, 60:00 minutes
Semyon Varlamov (Col), 29 saves from 31 shots - (0.935), L, 1-1-0, 59:19 minutes

Players Stats for Stars

Player Name              G  A  P  +/- PIM S  H  SB GA TA FO     MP     PP MP  PK MP  
------------------------------------------------------------------------------------
Alex Chiasson            0  0  0   0  0   1  1  1  0  0  1/1    11:43   0:24   0:00 
Antoine Vermette         0  1  1   1  0   1  1  2  1  0  11/26  20:37   6:22   1:13 
B.J. Crombeen            0  0  0   0  0   1  4  0  0  0  0/1    15:56   5:50   0:00 
Boris Valabik            0  0  0   0  0   4  2  1  0  0  0/0    20:55   4:23   2:29 
Brian Flynn              0  0  0   0  0   0  2  0  0  0  0/4     6:40   0:00   0:00 
Brian Lee                0  0  0   0  2   3  0  1  0  0  0/0    19:53   4:23   1:28 
Cory Emmerton            0  0  0   0  0   4  2  0  1  1  6/13   15:56   5:50   0:00 
Drew Fata                0  0  0   2  2   1  4  1  0  1  0/0    28:27   7:50   2:13 
Dustin Penner            0  0  0   0  0   1  0  0  0  0  0/0     7:57   0:00   1:07 
Evgeny Artyukhin         0  0  0   0  0   1  0  0  1  0  0/0     7:48   0:08   0:00 
Evgeny Grachev           0  0  0   0  0   1  2  1  0  0  1/4    12:24   0:00   0:58 
Guillaume Latendresse    1  1  2   2  0   4  2  1  0  1  6/8    23:14   6:18   2:31 
Ian White                0  0  0   1  4   3  1  2  0  1  0/0    26:01   7:49   0:58 
Johnny Oduya             0  0  0   1  0   0  0  1  0  3  0/0    12:08   0:09   0:03 
Jussi Jokinen            1  0  1   1  0   2  2  0  0  0  0/0    20:06   5:50   2:31 
Michael Grabner          0  0  0   1  0   1  3  1  1  0  0/0    19:08   6:24   0:00 
Niklas Hjalmarsson       0  0  0   0  0   0  1  0  0  0  0/0    13:09   0:09   2:13 
Patrick Sharp            0  0  0   0  0   3  0  0  0  0  0/0    11:41   0:00   1:04 

Players Stats for Avalanche

Player Name              G  A  P  +/- PIM S  H  SB GA TA FO     MP     PP MP  PK MP  
------------------------------------------------------------------------------------
Alexander Radulov        0  0  0   0  0   1  1  0  0  0  0/1    14:13   1:49   0:00 
Andrei Kostitsyn         0  0  0   0  2   2  1  0  1  0  0/0    16:56   1:49   2:20 
Andrew Ladd              0  0  0   0  2   2  4  0  1  0  2/5    16:41   0:20   5:33 
Bryan Little             0  1  1  -1  0   5  1  1  1  0  15/23  15:44   2:33   0:18 
Chuck Kobasew            0  0  0   0  0   0  1  0  0  0  2/2    14:15   0:00   6:32 
Damien Brunner           0  0  0   0  0   1  1  0  2  0  2/2    12:53   0:00   2:46 
Dan Boyle                0  0  0   0  2   1  1  0  0  1  0/0    15:29   2:29   0:00 
Erik Karlsson            0  0  0   0  2   2  1  0  0  1  0/0    17:19   2:13   0:00 
Jack Johnson             0  0  0   0  0   2  0  0  0  0  0/0    24:32   2:13   5:30 
Johnny Boychuk           0  0  0   0  0   1  2  0  0  0  0/0    18:02   0:00   5:30 
Kyle Turris              0  0  0   0  0   3  0  0  0  0  1/1     9:14   0:00   3:45 
Marc Staal               0  0  0  -2  0   0  0  0  0  1  0/0    22:01   0:20   6:52 
Maxim Talbot             0  0  0   0  2   0  1  0  0  0  4/5     8:57   0:00   0:00 
Mikkel Boedker           0  0  0  -2  4   4  3  0  1  0  2/2    17:09   2:53   0:00 
Patric Hornqvist         0  1  1  -1  0   4  1  0  0  0  2/3    15:04   2:33   0:00 
Paul Stastny             0  0  0  -1  0   0  2  1  1  0  2/13   17:52   1:49   2:52 
Pernell Karl Subban      1  0  1  -2  0   3  0  3  0  0  0/0    22:59   2:29   6:52 
Ville Leino              0  0  0   0  0   1  0  0  0  1  0/0     6:40   0:00   0:38 

3 Stars

1 - Guillaume Latendresse (Dal)
2 - Brian Elliott (Dal)
3 - Jussi Jokinen (Dal)

Power Play

Stars - 0 on 7 Attempt(s) - 0.00%
Avalanche - 1 on 4 Attempt(s) - 25.00%

Penalty Kill

Stars - 3 on 4 Attempt(s) - 75.00% - Score 0 goal in Penalty Kill
Avalanche - 7 on 7 Attempt(s) - 100.00% - Score 0 goal in Penalty Kill

Team Stat

Stars - Hits : 27 - Faceoff Wins : 25 - Blocked Shots : 12 - Penalty Minutes : 8
Avalanche - Hits : 20 - Faceoff Wins : 32 - Blocked Shots : 5 - Penalty Minutes : 14

Official

Referees : Unknown
Linesman : Unknown

Game Notes

No Game Note

Finance

Level 1 -- Attendance: 6000 (100.00%) -- Ticket Income $534,000
Level 2 -- Attendance: 5000 (100.00%) -- Ticket Income $275,000
Level 3 -- Attendance: 2000 (100.00%) -- Ticket Income $66,000
Level 4 -- Attendance: 4000 (100.00%) -- Ticket Income $92,000
Luxury Box -- Attendance: 856 (85.60%) -- Ticket Income $147,232
Game was played at the Pepsi Center.
Total Attendance: 17856 (99.20%)
Total Ticket Income: $1,114,232
Other Income: $167,135
Total Income: $1,281,367

Stars

5 vs 5 Forward 
   Center                   Left Wing                Right Wing               Time % Phy DF OF 
 1 Antoine Vermette         Guillaume Latendresse    Michael Grabner          40     1   2  2  
 2 Cory Emmerton            Jussi Jokinen            B.J. Crombeen            30     1   2  2  
 3 Evgeny Grachev           Patrick Sharp            Alex Chiasson            20     1   2  2  
 4 Brian Flynn              Dustin Penner            Evgeny Artyukhin         10     1   2  2  

5 vs 5 Defense 
   Defense                  Defense                                           Time % Phy DF OF 
 1 Drew Fata                Ian White                                         40     1   2  2  
 2 Brian Lee                Boris Valabik                                     30     1   2  2  
 3 Johnny Oduya             Niklas Hjalmarsson                                20     1   2  2  
 4 Drew Fata                Ian White                                         10     1   2  2  

PowerPlay Forward 
   Center                   Left Wing                Right Wing               Time % Phy DF OF 
 1 Antoine Vermette         Guillaume Latendresse    Michael Grabner          60     0   2  3  
 2 Cory Emmerton            Jussi Jokinen            B.J. Crombeen            40     0   2  3  

PowerPlay Defense
   Defense                  Defense                                           Time % Phy DF OF 
 1 Drew Fata                Ian White                                         60     0   2  3  
 2 Brian Lee                Boris Valabik                                     40     0   2  3  

Penalty Kill 4 Players Forward 
   Center                   Wing                     Time % Phy DF OF 
 1 Guillaume Latendresse    Jussi Jokinen            60     0   2  3  
 2 Antoine Vermette         Patrick Sharp            40     0   2  3  

Penalty Kill 4 Players Defense
   Defense                  Defense                  Time % Phy DF OF 
 1 Drew Fata                Ian White                60     0   2  3  
 2 Brian Lee                Boris Valabik            40     0   2  3  

Penalty Kill - 3 Players Forward 
   Forward                                           Time % Phy DF OF 
 1 Guillaume Latendresse                             60     0   2  3  
 2 Jussi Jokinen                                     40     0   2  3  

Penalty Kill - 3 Players Defense
   Defense                  Defense                  Time % Phy DF OF 
 1 Drew Fata                Ian White                60     0   2  3  
 2 Brian Lee                Boris Valabik            40     0   2  3  

4 vs 4 Forward 
   Center                   Wing                     Time % Phy DF OF 
 1 Guillaume Latendresse    Jussi Jokinen            60     1   2  2  
 2 Antoine Vermette         Patrick Sharp            40     1   2  2  

4 vs 4 Defense
   Defense                  Defense                  Time % Phy DF OF 
 1 Drew Fata                Ian White                60     1   2  2  
 2 Brian Lee                Boris Valabik            40     1   2  2  

Last Minutes Offensive
   Center                   Left Wing                Right Wing               Defense                  Defense                  
   Antoine Vermette         Guillaume Latendresse    Michael Grabner          Drew Fata                Ian White                

Last Minutes Defensive
   Center                   Left Wing                Right Wing               Defense                  Defense                  
   Antoine Vermette         Guillaume Latendresse    Michael Grabner          Drew Fata                Ian White                

Goaltenders
Starting : Brian Elliott            
Backup : Jhonas Enroth            

Extra Forwards
Normal : Alex Chiasson, Evgeny Artyukhin, Evgeny Grachev - PP : Alex Chiasson, Evgeny Artyukhin - PK : Evgeny Grachev
Extra Defensemen
Normal : Johnny Oduya, Niklas Hjalmarsson, Brian Lee - PP : Johnny Oduya - PK : Niklas Hjalmarsson, Brian Lee
Penalty Shots
Guillaume Latendresse, Jussi Jokinen, Antoine Vermette, Patrick Sharp, Michael Grabner

Scratches
John Tavares (Suspend)

Avalanche

5 vs 5 Forward 
   Center                   Left Wing                Right Wing               Time % Phy DF OF 
 1 Bryan Little             Mikkel Boedker           Patric Hornqvist         35     1   2  2  
 2 Paul Stastny             Andrei Kostitsyn         Alexander Radulov        30     1   2  2  
 3 Maxim Talbot             Andrew Ladd              Damien Brunner           25     1   2  2  
 4 Kyle Turris              Ville Leino              Chuck Kobasew            10     1   2  2  

5 vs 5 Defense 
   Defense                  Defense                                           Time % Phy DF OF 
 1 Erik Karlsson            Jack Johnson                                      35     1   2  2  
 2 Marc Staal               Pernell Karl Subban                               35     1   2  2  
 3 Johnny Boychuk           Dan Boyle                                         30     1   2  2  
 4 Marc Staal               Dan Boyle                                         0      1   2  2  

PowerPlay Forward 
   Center                   Left Wing                Right Wing               Time % Phy DF OF 
 1 Bryan Little             Mikkel Boedker           Patric Hornqvist         60     1   2  2  
 2 Paul Stastny             Andrei Kostitsyn         Alexander Radulov        40     1   2  2  

PowerPlay Defense
   Defense                  Defense                                           Time % Phy DF OF 
 1 Erik Karlsson            Jack Johnson                                      60     1   2  2  
 2 Pernell Karl Subban      Dan Boyle                                         40     1   2  2  

Penalty Kill 4 Players Forward 
   Center                   Wing                     Time % Phy DF OF 
 1 Andrew Ladd              Chuck Kobasew            60     1   2  2  
 2 Paul Stastny             Kyle Turris              40     1   2  2  

Penalty Kill 4 Players Defense
   Defense                  Defense                  Time % Phy DF OF 
 1 Pernell Karl Subban      Marc Staal               60     1   2  2  
 2 Jack Johnson             Johnny Boychuk           40     1   2  2  

Penalty Kill - 3 Players Forward 
   Forward                                           Time % Phy DF OF 
 1 Chuck Kobasew                                     60     1   2  2  
 2 Andrew Ladd                                       40     1   2  2  

Penalty Kill - 3 Players Defense
   Defense                  Defense                  Time % Phy DF OF 
 1 Marc Staal               Pernell Karl Subban      60     1   2  2  
 2 Jack Johnson             Johnny Boychuk           40     1   2  2  

4 vs 4 Forward 
   Center                   Wing                     Time % Phy DF OF 
 1 Paul Stastny             Mikkel Boedker           60     1   2  2  
 2 Bryan Little             Andrei Kostitsyn         40     1   2  2  

4 vs 4 Defense
   Defense                  Defense                  Time % Phy DF OF 
 1 Marc Staal               Pernell Karl Subban      60     1   2  2  
 2 Jack Johnson             Erik Karlsson            40     1   2  2  

Last Minutes Offensive
   Center                   Left Wing                Right Wing               Defense                  Defense                  
   Bryan Little             Mikkel Boedker           Alexander Radulov        Erik Karlsson            Jack Johnson             

Last Minutes Defensive
   Center                   Left Wing                Right Wing               Defense                  Defense                  
   Bryan Little             Andrew Ladd              Chuck Kobasew            Marc Staal               Jack Johnson             

Goaltenders
Starting : Semyon Varlamov          
Backup : Roberto Luongo           

Extra Forwards
Normal : Andrew Ladd, Alexander Radulov, Andrei Kostitsyn - PP : Andrew Ladd, Alexander Radulov - PK : Damien Brunner
Extra Defensemen
Normal : Marc Staal, Erik Karlsson, Pernell Karl Subban - PP : Pernell Karl Subban - PK : Jack Johnson, Pernell Karl Subban
Penalty Shots
Mikkel Boedker, Andrew Ladd, Paul Stastny, Bryan Little, Andrei Kostitsyn

Scratches
Mattias Ekholm (Healthy)

% Time on Ice - Stars

Lines # - Real PCT - Wanted PCT - Time Play
Normal Forward
1 - 33% - 40% - 13:23
2 - 25% - 30% - 10:06
3 - 25% - 20% - 10:18
4 - 16% - 10% - 6:40
Normal Defense
1 - 38% - 40% - 15:26
2 - 34% - 30% - 13:36
3 - 22% - 20% - 8:48
4 - 6% - 10% - 2:37
PP Forward
1 - 53% - 60% - 6:32
2 - 47% - 40% - 5:50
PP Defense
1 - 65% - 60% - 7:59
2 - 35% - 40% - 4:23
PK Forward
1 - 77% - 60% - 3:38
2 - 23% - 40% - 1:04
PK Defense
1 - 52% - 60% - 2:27
2 - 48% - 40% - 2:15
PK3 Forward
1 - 0% - 60%
2 - 0% - 40%
PK3 Defense
1 - 0% - 60%
2 - 0% - 40%
44 Forward
1 - 79% - 60% - 1:12
2 - 21% - 40% - 0:19
44 Defense
1 - 86% - 60% - 1:18
2 - 14% - 40% - 0:13
Last Minute Offensive  - 0:00
Last Minute Defensive  - 0:58
Total
Forward - 60:00
Defense - 60:00

% Time on Ice - Avalanche

Lines # - Real PCT - Wanted PCT - Time Play
Normal Forward
1 - 36% - 35% - 14:58
2 - 29% - 30% - 12:03
3 - 22% - 25% - 8:55
4 - 13% - 10% - 5:29
Normal Defense
1 - 33% - 35% - 13:48
2 - 35% - 35% - 14:41
3 - 26% - 30% - 10:42
4 - 5% - 0% - 2:14
PP Forward
1 - 61% - 60% - 2:53
2 - 39% - 40% - 1:49
PP Defense
1 - 54% - 60% - 2:33
2 - 46% - 40% - 2:09
PK Forward
1 - 77% - 60% - 9:30
2 - 23% - 40% - 2:52
PK Defense
1 - 56% - 60% - 6:52
2 - 44% - 40% - 5:30
PK3 Forward
1 - 0% - 60%
2 - 0% - 40%
PK3 Defense
1 - 0% - 60%
2 - 0% - 40%
44 Forward
1 - 76% - 60% - 1:09
2 - 24% - 40% - 0:22
44 Defense
1 - 66% - 60% - 1:00
2 - 34% - 40% - 0:31
Last Minute Offensive  - 0:00
Last Minute Defensive  - 0:00
Total
Forward - 60:00
Defense - 60:00

Play-by-Play

1st period


0:01 of 1st period - Bryan Little wins face-off versus Antoine Vermette in neutral zone.
0:04 of 1st period - Snap shot by Patric Hornqvist.
0:04 of 1st period - Deflect By Bryan Little.
0:04 of 1st period - Shot Misses the Net.
0:04 of 1st period - Puck is out of play.
0:05 of 1st period - Bryan Little wins face-off versus Antoine Vermette in Stars zone.
0:06 of 1st period - Snap shot by Patric Hornqvist.
0:06 of 1st period - Shot Misses the Net.
0:16 of 1st period - Slapshot by Mikkel Boedker.
0:16 of 1st period - Shot Blocked by Michael Grabner.
0:18 of 1st period - Wrist shot by Bryan Little.
0:18 of 1st period - Shot Misses the Net.
0:20 of 1st period - Wrist shot by Bryan Little.
0:20 of 1st period - Shot Hit the Post.
1:02 of 1st period - Snap shot by Andrei Kostitsyn.
1:02 of 1st period - Stopped by Brian Elliott with a rebound.
1:34 of 1st period - Wrist shot by Erik Karlsson.
1:34 of 1st period - Stopped by Brian Elliott with a rebound.
2:40 of 1st period - Wrist shot by Kyle Turris.
2:40 of 1st period - Shot Misses the Net.
2:42 of 1st period - Snap shot by Marc Staal.
2:42 of 1st period - Shot Misses the Net.
2:44 of 1st period - Slapshot by Kyle Turris.
2:44 of 1st period - Stopped by Brian Elliott without a rebound.
2:45 of 1st period - Antoine Vermette wins face-off versus Bryan Little in Stars zone.
2:58 of 1st period - Antoine Vermette is hit by Bryan Little and loses puck.
3:11 of 1st period - Andrei Kostitsyn is hit by Drew Fata and loses puck.
4:15 of 1st period - Snap shot by Dustin Penner.
4:15 of 1st period - Stopped by Semyon Varlamov with a rebound.
4:38 of 1st period - Wrist shot by B.J. Crombeen.
4:38 of 1st period - Shot Blocked by Bryan Little.
4:40 of 1st period - Snap shot by Cory Emmerton.
4:40 of 1st period - Shot Misses the Net.
5:10 of 1st period - Jack Johnson is hit by Niklas Hjalmarsson and loses puck.
5:59 of 1st period - Dan Boyle is hit by Drew Fata and loses puck.
6:14 of 1st period - Snap shot by Bryan Little.
6:14 of 1st period - Stopped by Brian Elliott with a rebound.
7:11 of 1st period - Snap shot by Cory Emmerton.
7:11 of 1st period - Stopped by Semyon Varlamov without a rebound.
7:12 of 1st period - Bryan Little wins face-off versus Cory Emmerton in Avalanche zone.
7:42 of 1st period - Snap shot by Andrei Kostitsyn.
7:42 of 1st period - Stopped by Brian Elliott with a rebound.
7:48 of 1st period - Slapshot by Andrei Kostitsyn.
7:48 of 1st period - Shot Misses the Net.
8:08 of 1st period - Wrist shot by Andrew Ladd.
8:08 of 1st period - Stopped by Brian Elliott with a rebound.
8:24 of 1st period - Snap shot by Bryan Little.
8:24 of 1st period - Stopped by Brian Elliott without a rebound.
8:25 of 1st period - Bryan Little wins face-off versus Antoine Vermette in Stars zone.
8:36 of 1st period - Slapshot by Mikkel Boedker.
8:36 of 1st period - Deflect By Bryan Little.
8:36 of 1st period - Stopped by Brian Elliott with a rebound.
8:49 of 1st period - Icing by Patric Hornqvist.
8:50 of 1st period - Paul Stastny wins face-off versus B.J. Crombeen in Avalanche zone.
9:00 of 1st period - B.J. Crombeen is hit by Dan Boyle and loses puck.
9:31 of 1st period - Slapshot by Cory Emmerton.
9:31 of 1st period - Stopped by Semyon Varlamov without a rebound.
9:32 of 1st period - Bryan Little wins face-off versus Antoine Vermette in Avalanche zone.
9:41 of 1st period - Snap shot by Bryan Little.
9:41 of 1st period - Stopped by Brian Elliott with a rebound.
9:43 of 1st period - Slapshot by Erik Karlsson.
9:43 of 1st period - Shot Hit the Post.
9:45 of 1st period - Snap shot by Erik Karlsson.
9:45 of 1st period - Shot Blocked by Drew Fata.
9:47 of 1st period - Wrist shot by Patric Hornqvist.
9:47 of 1st period - Stopped by Brian Elliott without a rebound.
9:48 of 1st period - Alex Chiasson wins face-off versus Paul Stastny in Stars zone.
9:55 of 1st period - Snap shot by Patrick Sharp.
9:55 of 1st period - Stopped by Semyon Varlamov with a rebound.
9:57 of 1st period - Slapshot by Drew Fata.
9:57 of 1st period - Stopped by Semyon Varlamov without a rebound.
9:58 of 1st period - Paul Stastny wins face-off versus Evgeny Grachev in Avalanche zone.
9:58 of 1st period - Paul Stastny is hit by Evgeny Grachev.
10:12 of 1st period - Snap shot by Patrick Sharp.
10:12 of 1st period - Stopped by Semyon Varlamov with a rebound.
10:14 of 1st period - Slapshot by Ian White.
10:14 of 1st period - Stopped by Semyon Varlamov with a rebound.
10:20 of 1st period - Wrist shot by Patrick Sharp.
10:20 of 1st period - Shot Blocked by Pernell Karl Subban.
10:28 of 1st period - Snap shot by Patrick Sharp.
10:28 of 1st period - Shot Blocked by Paul Stastny.
10:30 of 1st period - Wrist shot by Alex Chiasson.
10:30 of 1st period - Shot Misses the Net.
10:32 of 1st period - Slapshot by Ian White.
10:32 of 1st period - Stopped by Semyon Varlamov without a rebound.
10:33 of 1st period - Bryan Little wins face-off versus Antoine Vermette in Avalanche zone.
10:33 of 1st period - Bryan Little is hit by Guillaume Latendresse.
10:48 of 1st period - Minor Penalty to Mikkel Boedker for Interference.
10:49 of 1st period - Antoine Vermette wins face-off versus Andrew Ladd in Avalanche zone.
11:34 of 1st period - Guillaume Latendresse is hit by Chuck Kobasew and loses puck.
12:05 of 1st period - Pernell Karl Subban is hit by Antoine Vermette and loses puck.
12:35 of 1st period - Jussi Jokinen is hit by Andrei Kostitsyn and loses puck.
12:48 of 1st period - Penalty to Mikkel Boedker is over, Mikkel Boedker is back on ice.
12:52 of 1st period - Andrew Ladd is hit by Brian Flynn and loses puck.
13:15 of 1st period - Backhand shot by Mikkel Boedker.
13:15 of 1st period - Shot Misses the Net.
13:28 of 1st period - Niklas Hjalmarsson is hit by Mikkel Boedker and loses puck.
13:53 of 1st period - Snap shot by Chuck Kobasew.
13:53 of 1st period - Shot Blocked by Alex Chiasson.
13:55 of 1st period - Snap shot by Andrew Ladd.
13:55 of 1st period - Stopped by Brian Elliott with a rebound.
13:57 of 1st period - Snap shot by Johnny Boychuk.
13:57 of 1st period - Stopped by Brian Elliott without a rebound.
13:58 of 1st period - Antoine Vermette wins face-off versus Paul Stastny in Stars zone.
14:43 of 1st period - Off-side.
14:44 of 1st period - Bryan Little wins face-off versus Cory Emmerton in neutral zone.
14:46 of 1st period - Marc Staal is hit by B.J. Crombeen and loses puck.
15:45 of 1st period - Wrist shot by Alexander Radulov.
15:45 of 1st period - Stopped by Brian Elliott without a rebound.
15:46 of 1st period - Cory Emmerton wins face-off versus Bryan Little in Stars zone.
16:09 of 1st period - Icing by Boris Valabik.
16:10 of 1st period - Cory Emmerton wins face-off versus Alexander Radulov in Stars zone.
16:37 of 1st period - Drew Fata is hit by Andrew Ladd and loses puck.
16:42 of 1st period - Snap shot by Andrew Ladd.
16:42 of 1st period - Shot Misses the Net.
16:44 of 1st period - Snap shot by Maxim Talbot.
16:44 of 1st period - Shot Misses the Net.
16:46 of 1st period - Wrist shot by Andrew Ladd.
16:46 of 1st period - Shot Misses the Net.
16:48 of 1st period - Snap shot by Damien Brunner.
16:48 of 1st period - Shot Misses the Net.
17:30 of 1st period - Kyle Turris is hit by Ian White and loses puck.
17:43 of 1st period - Dan Boyle is hit by Alex Chiasson and loses puck.
18:00 of 1st period - Snap shot by Kyle Turris.
18:00 of 1st period - Stopped by Brian Elliott with a rebound.
18:12 of 1st period - Dustin Penner is hit by Damien Brunner and loses puck.
18:58 of 1st period - Off-side.
18:59 of 1st period - Antoine Vermette wins face-off versus Paul Stastny in neutral zone.
19:09 of 1st period - Wrist shot by Paul Stastny.
19:09 of 1st period - Shot Misses the Net.
19:15 of 1st period - Jack Johnson is hit by Michael Grabner.
19:47 of 1st period - Slapshot by Ian White.
19:47 of 1st period - Shot Blocked by Pernell Karl Subban.
Goals for this period are 0 for Stars vs 0 for Avalanche.
Shots for this period are 8 for Stars vs 14 for Avalanche.

2nd period


0:01 of 2nd period - Maxim Talbot wins face-off versus Antoine Vermette in neutral zone.
0:04 of 2nd period - Drew Fata is hit by Maxim Talbot and loses puck.
0:32 of 2nd period - Wrist shot by B.J. Crombeen.
0:32 of 2nd period - Shot Misses the Net.
0:34 of 2nd period - Wrist shot by Jussi Jokinen.
0:34 of 2nd period - Shot Misses the Net.
0:43 of 2nd period - Off-side.
0:44 of 2nd period - Patric Hornqvist wins face-off versus Brian Flynn in neutral zone.
1:00 of 2nd period - Wrist shot by Mikkel Boedker.
1:00 of 2nd period - Stopped by Brian Elliott with a rebound.
1:21 of 2nd period - Jack Johnson is hit by Michael Grabner and loses puck.
1:34 of 2nd period - Snap shot by Jack Johnson.
1:34 of 2nd period - Stopped by Brian Elliott with a rebound.
1:36 of 2nd period - Slapshot by Erik Karlsson.
1:36 of 2nd period - Stopped by Brian Elliott without a rebound.
1:37 of 2nd period - Cory Emmerton wins face-off versus Paul Stastny in Stars zone.
1:50 of 2nd period - Slapshot by Cory Emmerton.
1:50 of 2nd period - Deflect By Jussi Jokinen.
1:50 of 2nd period - Shot Misses the Net.
1:50 of 2nd period - Puck is out of play.
1:51 of 2nd period - Antoine Vermette wins face-off versus Bryan Little in Avalanche zone.
2:06 of 2nd period - Slapshot by Antoine Vermette.
2:06 of 2nd period - Shot Misses the Net.
2:16 of 2nd period - Wrist shot by Alex Chiasson.
2:16 of 2nd period - Stopped by Semyon Varlamov without a rebound.
2:17 of 2nd period - Maxim Talbot wins face-off versus Evgeny Grachev in Avalanche zone.
2:26 of 2nd period - Boris Valabik is hit by Andrew Ladd and loses puck.
3:00 of 2nd period - Minor Penalty to Ian White for Tripping.
3:01 of 2nd period - Guillaume Latendresse wins face-off versus Bryan Little in Stars zone.
3:01 of 2nd period - Guillaume Latendresse is hit by Patric Hornqvist.
3:06 of 2nd period - Dan Boyle is hit by Jussi Jokinen and loses puck.
5:00 of 2nd period - Penalty to Ian White is over, Ian White is back on ice.
5:13 of 2nd period - Snap shot by Evgeny Grachev.
5:13 of 2nd period - Stopped by Semyon Varlamov without a rebound.
5:14 of 2nd period - Evgeny Grachev wins face-off versus Maxim Talbot in Avalanche zone.
5:50 of 2nd period - Slapshot by Andrew Ladd.
5:50 of 2nd period - Shot Blocked by Johnny Oduya.
5:52 of 2nd period - Wrist shot by Jack Johnson.
5:52 of 2nd period - Stopped by Brian Elliott without a rebound.
5:53 of 2nd period - Antoine Vermette wins face-off versus Bryan Little in Stars zone.
6:02 of 2nd period - Slapshot by Ian White.
6:02 of 2nd period - Stopped by Semyon Varlamov without a rebound.
6:03 of 2nd period - Bryan Little wins face-off versus Antoine Vermette in Avalanche zone.
6:10 of 2nd period - Wrist shot by Patric Hornqvist.
6:10 of 2nd period - Stopped by Brian Elliott with a rebound.
6:24 of 2nd period - Wrist shot by Guillaume Latendresse.
6:24 of 2nd period - Shot Misses the Net.
6:50 of 2nd period - Snap shot by Patric Hornqvist.
6:50 of 2nd period - Stopped by Brian Elliott with a rebound.
6:52 of 2nd period - Wrist shot by Marc Staal.
6:52 of 2nd period - Shot Blocked by Ian White.
6:54 of 2nd period - Slapshot by Pernell Karl Subban.
6:54 of 2nd period - Stopped by Brian Elliott without a rebound.
6:55 of 2nd period - Cory Emmerton wins face-off versus Paul Stastny in Stars zone.
6:55 of 2nd period - Cory Emmerton is hit by Alexander Radulov.
7:12 of 2nd period - Minor Penalty to Erik Karlsson for Tripping.
7:13 of 2nd period - Chuck Kobasew wins face-off versus Cory Emmerton in Avalanche zone.
7:39 of 2nd period - Marc Staal is hit by Michael Grabner and loses puck.
8:02 of 2nd period - Chuck Kobasew is hit by Boris Valabik and loses puck.
8:19 of 2nd period - Slapshot by Jack Johnson.
8:19 of 2nd period - Shot Blocked by Antoine Vermette.
9:12 of 2nd period - Penalty to Erik Karlsson is over, Erik Karlsson is back on ice.
9:52 of 2nd period - Minor Penalty to Andrei Kostitsyn for Interference.
9:53 of 2nd period - Antoine Vermette wins face-off versus Andrew Ladd in Avalanche zone.
10:19 of 2nd period - Pernell Karl Subban is hit by Jussi Jokinen and loses puck.
11:52 of 2nd period - Penalty to Andrei Kostitsyn is over, Andrei Kostitsyn is back on ice.
12:01 of 2nd period - Niklas Hjalmarsson is hit by Mikkel Boedker and loses puck.
12:51 of 2nd period - Marc Staal is hit by Brian Flynn and loses puck.
13:38 of 2nd period - Brian Lee is hit by Mikkel Boedker and loses puck.
13:51 of 2nd period - Johnny Boychuk is hit by Cory Emmerton and loses puck.
14:15 of 2nd period - Brian Flynn is hit by Andrew Ladd and loses puck.
14:38 of 2nd period - Wrist shot by Boris Valabik.
14:38 of 2nd period - Shot Blocked by Pernell Karl Subban.
15:08 of 2nd period - Dan Boyle is hit by Cory Emmerton.
15:14 of 2nd period - Cory Emmerton is hit by Johnny Boychuk and loses puck.
15:45 of 2nd period - Mikkel Boedker is hit by Guillaume Latendresse and loses puck.
15:50 of 2nd period - Wrist shot by Antoine Vermette.
15:50 of 2nd period - Shot Misses the Net.
15:52 of 2nd period - Snap shot by Brian Lee.
15:52 of 2nd period - Stopped by Semyon Varlamov with a rebound.
15:54 of 2nd period - Snap shot by Antoine Vermette.
15:54 of 2nd period - Shot Misses the Net.
16:16 of 2nd period - Brian Flynn is hit by Erik Karlsson and loses puck.
16:37 of 2nd period - Pernell Karl Subban is hit by Drew Fata and loses puck.
16:49 of 2nd period - Minor Penalty to Brian Lee for Roughing.
16:50 of 2nd period - Bryan Little wins face-off versus Guillaume Latendresse in Stars zone.
16:52 of 2nd period - Slapshot by Bryan Little.
16:52 of 2nd period - Stopped by Brian Elliott without a rebound.
16:53 of 2nd period - Guillaume Latendresse wins face-off versus Bryan Little in Stars zone.
17:04 of 2nd period - Wrist shot by Mikkel Boedker.
17:04 of 2nd period - Shot Misses the Net.
18:49 of 2nd period - Penalty to Brian Lee is over, Brian Lee is back on ice.
18:58 of 2nd period - Snap shot by Kyle Turris.
18:58 of 2nd period - Stopped by Brian Elliott without a rebound.
18:59 of 2nd period - Chuck Kobasew wins face-off versus Brian Flynn in Stars zone.
19:11 of 2nd period - Snap shot by Evgeny Artyukhin.
19:11 of 2nd period - Stopped by Semyon Varlamov without a rebound.
19:12 of 2nd period - Antoine Vermette wins face-off versus Paul Stastny in Avalanche zone.
19:13 of 2nd period - Wrist shot by Guillaume Latendresse.
19:13 of 2nd period - Shot Misses the Net.
19:15 of 2nd period - Slapshot by Boris Valabik.
19:15 of 2nd period - Shot Misses the Net.
19:17 of 2nd period - Wrist shot by Guillaume Latendresse.
19:17 of 2nd period - Shot Misses the Net.
19:19 of 2nd period - Snap shot by Antoine Vermette.
19:19 of 2nd period - Stopped by Semyon Varlamov with a rebound.
19:21 of 2nd period - Snap shot by Guillaume Latendresse.
19:21 of 2nd period - Stopped by Semyon Varlamov with a rebound.
19:23 of 2nd period - Slapshot by Boris Valabik.
19:23 of 2nd period - Stopped by Semyon Varlamov with a rebound.
19:25 of 2nd period - Wrist shot by Guillaume Latendresse.
19:25 of 2nd period - Shot Misses the Net.
19:27 of 2nd period - Slapshot by Brian Lee.
19:27 of 2nd period - Stopped by Semyon Varlamov without a rebound.
19:28 of 2nd period - Bryan Little wins face-off versus Cory Emmerton in Avalanche zone.
Goals for this period are 0 for Stars vs 0 for Avalanche.
Shots for this period are 9 for Stars vs 9 for Avalanche.

3rd period


0:01 of 3rd period - Mikkel Boedker wins face-off versus Antoine Vermette in neutral zone.
0:18 of 3rd period - Guillaume Latendresse is hit by Johnny Boychuk and loses puck.
0:50 of 3rd period - Snap shot by Patrick Sharp.
0:50 of 3rd period - Stopped by Semyon Varlamov without a rebound.
0:51 of 3rd period - Damien Brunner wins face-off versus Evgeny Grachev in Avalanche zone.
0:51 of 3rd period - Damien Brunner is hit by Evgeny Grachev.
0:59 of 3rd period - Snap shot by Maxim Talbot.
0:59 of 3rd period - Shot Misses the Net.
1:03 of 3rd period - Wrist shot by Damien Brunner.
1:03 of 3rd period - Deflect By Andrew Ladd.
1:03 of 3rd period - Shot Blocked by Evgeny Grachev.
1:03 of 3rd period - Puck is out of play.
1:04 of 3rd period - Bryan Little wins face-off versus Antoine Vermette in Stars zone.
1:07 of 3rd period - Wrist shot by Mikkel Boedker.
1:07 of 3rd period - Stopped by Brian Elliott without a rebound.
1:08 of 3rd period - Bryan Little wins face-off versus Antoine Vermette in Stars zone.
1:15 of 3rd period - Snap shot by Mikkel Boedker.
1:15 of 3rd period - Stopped by Brian Elliott with a rebound.
1:17 of 3rd period - Snap shot by Mikkel Boedker.
1:17 of 3rd period - Shot Blocked by Boris Valabik.
1:19 of 3rd period - Snap shot by Patric Hornqvist.
1:19 of 3rd period - Shot Blocked by Antoine Vermette.
1:21 of 3rd period - Slapshot by Marc Staal.
1:21 of 3rd period - Shot Blocked by Guillaume Latendresse.
1:23 of 3rd period - Slapshot by Patric Hornqvist.
1:23 of 3rd period - Stopped by Brian Elliott without a rebound.
1:24 of 3rd period - Cory Emmerton wins face-off versus Paul Stastny in Stars zone.
2:13 of 3rd period - Minor Penalty to Drew Fata for Hooking.
2:14 of 3rd period - Bryan Little wins face-off versus Guillaume Latendresse in Stars zone.
2:15 of 3rd period - Snap shot by Mikkel Boedker.
2:15 of 3rd period - Shot Misses the Net.
2:17 of 3rd period - Slapshot by Dan Boyle.
2:17 of 3rd period - Stopped by Brian Elliott with a rebound.
2:19 of 3rd period - Slapshot by Patric Hornqvist.
2:19 of 3rd period - Shot Misses the Net.
2:25 of 3rd period - Snap shot by Bryan Little.
2:25 of 3rd period - Shot Misses the Net.
2:27 of 3rd period - Slapshot by Pernell Karl Subban.
2:27 of 3rd period - Stopped by Brian Elliott with a rebound.
2:29 of 3rd period - Snap shot by Pernell Karl Subban.
2:29 of 3rd period - Deflect By Guillaume Latendresse.
2:29 of 3rd period - Goal by Pernell Karl Subban - Stars : 0 - Avalanche : 1.
2:30 of 3rd period - Mikkel Boedker wins face-off versus Antoine Vermette in neutral zone.
2:33 of 3rd period - Slapshot by Pernell Karl Subban.
2:33 of 3rd period - Shot Misses the Net.
2:35 of 3rd period - Wrist shot by Patric Hornqvist.
2:35 of 3rd period - Shot Misses the Net.
2:37 of 3rd period - Wrist shot by Patric Hornqvist.
2:37 of 3rd period - Shot Blocked by Ian White.
3:40 of 3rd period - Kyle Turris is hit by Drew Fata and loses puck.
3:47 of 3rd period - Snap shot by Guillaume Latendresse.
3:47 of 3rd period - Stopped by Semyon Varlamov without a rebound.
3:48 of 3rd period - Cory Emmerton wins face-off versus Bryan Little in Avalanche zone.
3:49 of 3rd period - Snap shot by Jussi Jokinen.
3:49 of 3rd period - Shot Misses the Net.
4:27 of 3rd period - Antoine Vermette is hit by Paul Stastny and loses puck.
5:31 of 3rd period - Slapshot by Boris Valabik.
5:31 of 3rd period - Stopped by Semyon Varlamov with a rebound.
5:49 of 3rd period - Snap shot by Michael Grabner.
5:49 of 3rd period - Shot Misses the Net.
6:03 of 3rd period - Minor Penalty to Dan Boyle for Holding.
6:04 of 3rd period - Andrew Ladd wins face-off versus Antoine Vermette in Avalanche zone.
6:15 of 3rd period - Slapshot by Michael Grabner.
6:15 of 3rd period - Stopped by Semyon Varlamov with a rebound.
6:31 of 3rd period - Minor Penalty to Ian White for Interference.
6:32 of 3rd period - Guillaume Latendresse wins face-off versus Paul Stastny in Stars zone.
6:39 of 3rd period - Wrist shot by Jussi Jokinen.
6:39 of 3rd period - Shot Misses the Net.
6:47 of 3rd period - Snap shot by Jussi Jokinen.
6:47 of 3rd period - Shot Misses the Net.
6:49 of 3rd period - Wrist shot by Jussi Jokinen.
6:49 of 3rd period - Deflect By Guillaume Latendresse.
6:49 of 3rd period - Stopped by Semyon Varlamov without a rebound.
6:50 of 3rd period - Guillaume Latendresse wins face-off versus Paul Stastny in Avalanche zone.
6:55 of 3rd period - Wrist shot by Jussi Jokinen.
6:55 of 3rd period - Goal by Jussi Jokinen - Stars : 1 - Avalanche : 1.
6:56 of 3rd period - Guillaume Latendresse wins face-off versus Paul Stastny in neutral zone.
8:03 of 3rd period - Penalty to Dan Boyle is over, Dan Boyle is back on ice.
8:20 of 3rd period - Slapshot by Marc Staal.
8:20 of 3rd period - Shot Misses the Net.
8:22 of 3rd period - Slapshot by Mikkel Boedker.
8:22 of 3rd period - Stopped by Brian Elliott without a rebound.
8:23 of 3rd period - Guillaume Latendresse wins face-off versus Paul Stastny in Stars zone.
8:31 of 3rd period - Penalty to Ian White is over, Ian White is back on ice.
9:03 of 3rd period - Wrist shot by Patrick Sharp.
9:03 of 3rd period - Shot Misses the Net.
9:04 of 3rd period - Minor Penalty to Maxim Talbot for Tripping.
9:05 of 3rd period - Antoine Vermette wins face-off versus Andrew Ladd in Avalanche zone.
9:26 of 3rd period - Chuck Kobasew is hit by B.J. Crombeen and loses puck.
9:31 of 3rd period - Wrist shot by B.J. Crombeen.
9:31 of 3rd period - Shot Misses the Net.
10:28 of 3rd period - Jack Johnson is hit by B.J. Crombeen and loses puck.
11:04 of 3rd period - Penalty to Maxim Talbot is over, Maxim Talbot is back on ice.
11:09 of 3rd period - Icing by Pernell Karl Subban.
11:10 of 3rd period - Patric Hornqvist wins face-off versus Brian Flynn in Avalanche zone.
11:58 of 3rd period - Wrist shot by Cory Emmerton.
11:58 of 3rd period - Stopped by Semyon Varlamov without a rebound.
11:59 of 3rd period - Maxim Talbot wins face-off versus Cory Emmerton in Avalanche zone.
12:04 of 3rd period - Wrist shot by Jussi Jokinen.
12:04 of 3rd period - Stopped by Semyon Varlamov with a rebound.
12:06 of 3rd period - Slapshot by Boris Valabik.
12:06 of 3rd period - Stopped by Semyon Varlamov with a rebound.
12:08 of 3rd period - Slapshot by Brian Lee.
12:08 of 3rd period - Stopped by Semyon Varlamov with a rebound.
12:10 of 3rd period - Slapshot by Boris Valabik.
12:10 of 3rd period - Stopped by Semyon Varlamov without a rebound.
12:11 of 3rd period - Antoine Vermette wins face-off versus Bryan Little in Avalanche zone.
12:18 of 3rd period - Wrist shot by Guillaume Latendresse.
12:18 of 3rd period - Goal by Guillaume Latendresse - Stars : 2 - Avalanche : 1.
12:19 of 3rd period - Antoine Vermette wins face-off versus Patric Hornqvist in neutral zone.
12:49 of 3rd period - Snap shot by Cory Emmerton.
12:49 of 3rd period - Shot Misses the Net.
12:53 of 3rd period - Snap shot by B.J. Crombeen.
12:53 of 3rd period - Stopped by Semyon Varlamov with a rebound.
13:22 of 3rd period - Icing by Niklas Hjalmarsson.
13:23 of 3rd period - Kyle Turris wins face-off versus Antoine Vermette in Stars zone.
13:50 of 3rd period - Slapshot by Jack Johnson.
13:50 of 3rd period - Deflect By Ville Leino.
13:50 of 3rd period - Stopped by Brian Elliott without a rebound.
13:51 of 3rd period - Bryan Little wins face-off versus Cory Emmerton in Stars zone.
13:55 of 3rd period - Minor Penalty to Mikkel Boedker for Hooking.
13:56 of 3rd period - Andrew Ladd wins face-off versus Antoine Vermette in Avalanche zone.
14:21 of 3rd period - Chuck Kobasew is hit by B.J. Crombeen and loses puck.
15:04 of 3rd period - Andrei Kostitsyn is hit by Boris Valabik and loses puck.
15:15 of 3rd period - Ian White is hit by Paul Stastny and loses puck.
15:55 of 3rd period - Penalty to Mikkel Boedker is over, Mikkel Boedker is back on ice.
16:15 of 3rd period - Slapshot by Patrick Sharp.
16:15 of 3rd period - Shot Misses the Net.
16:22 of 3rd period - Icing by Bryan Little.
16:23 of 3rd period - Bryan Little wins face-off versus Brian Flynn in Avalanche zone.
16:30 of 3rd period - Wrist shot by Paul Stastny.
16:30 of 3rd period - Shot Misses the Net.
16:54 of 3rd period - Snap shot by Cory Emmerton.
16:54 of 3rd period - Stopped by Semyon Varlamov without a rebound.
16:55 of 3rd period - Maxim Talbot wins face-off versus Cory Emmerton in Avalanche zone.
17:01 of 3rd period - Minor Penalty to Andrew Ladd for Interference.
17:02 of 3rd period - Damien Brunner wins face-off versus Antoine Vermette in Avalanche zone.
17:53 of 3rd period - Wrist shot by Kyle Turris.
17:53 of 3rd period - Shot Blocked by Brian Lee.
19:01 of 3rd period - Penalty to Andrew Ladd is over, Andrew Ladd is back on ice.
19:16 of 3rd period - Evgeny Artyukhin is hit by Andrew Ladd and loses puck.
19:19 of 3rd period - Avalanche, Semyon Varlamov is pulled from the net.
19:57 of 3rd period - Snap shot by Damien Brunner.
19:57 of 3rd period - Shot Misses the Net.
19:59 of 3rd period - Wrist shot by Damien Brunner.
19:59 of 3rd period - Stopped by Brian Elliott with a rebound.
Goals for this period are 2 for Stars vs 1 for Avalanche.
Shots for this period are 14 for Stars vs 9 for Avalanche.